 Dungeon Crawl Stone Soup version 0.28.0-45-g0d030f2227 (webtiles) character file.

Game seed: 17150306589779190822

2 McKennaii the Caller (level 1, -1/14 HPs)
             Began as a Demigod Summoner on Apr 17, 2022.
             Slain by a quokka (4 damage)
             ... on level 1 of the Dungeon.
             The game lasted 00:00:31 (212 turns).

McKennaii the Caller (Demigod Summoner)              Turns: 212, Time: 00:00:32

Health: -1/14      AC:  2    Str:  9    XL:     1   Next: 26%
Magic:  1/5        EV: 12    Int: 17    God:
Gold:   19         SH:  0    Dex: 14    Spells: 2/3 levels left

rFire   . . .      SeeInvis .   (no weapon)
rCold   . . .      Faith    .   (no shield)
rNeg    . . .      Spirit   .   a - +0 robe
rPois   .          Reflect  .   (no helmet)
rElec   .          Harm     .   (no cloak)
rCorr   .          Rampage  .   (no gloves)
Will    .....                   (no boots)
Stlth   ++........              (no amulet)
HPRegen 0.04/turn               (no ring)
MPRegen 0.09/turn               (no ring)

@: no status effects
A: high MP 1, forlorn, divine attributes
a: no special abilities


You were on level 1 of the Dungeon.
You visited 1 branch of the dungeon, and saw 1 of its levels.

You collected 19 gold pieces.

Inventory:

Armour
 a - a +0 robe (worn)
Potions
 b - a potion of invisibility {unknown}


   Skills:
 - Level 1.7 Dodging
 - Level 1.7 Stealth
 + Level 1.9 Spellcasting
 + Level 3.6 Summonings


You had 2 spell levels left.
You knew the following spells:

 Your Spells              Type           Power      Damage    Failure   Level
a - Summon Small Mammal   Summ           56%        N/A       4%          1

Your spell library contained the following spells:

 Spells                   Type           Power      Damage    Failure   Level
 Call Imp                 Summ           14%        N/A       7%          2
 Call Canine Familiar     Summ           14%        N/A       13%         3
 Summon Guardian Golem    Hex/Summ       7%         N/A       28%         3
 Summon Lightning Spire   Summ/Air       7%         N/A       67%         4


Dungeon Overview and Level Annotations

Branches:
Dungeon (1/15)


Innate Abilities, Weirdness & Mutations

You have an increased reservoir of magic. (+10% MP)
You shall have no god before yourself.
Your divine heritage dramatically boosts your attributes as you level up.


Message History

Your rat dies!
Your rat's corpse disappears in a puff of smoke!
The bat hits your rat. The quokka bites your rat.
Your rat dies!
Your rat's corpse disappears in a puff of smoke!
The bat barely misses you. The bat hits you but does no damage.
Your bat closely misses the bat.
The bat closely misses you.
Your bat closely misses the bat.
The bat completely misses your bat. The quokka closely misses you.
The bat barely misses you.
Your bat hits the quokka but does no damage.
Your bat disappears in a puff of smoke!
The bat hits you but does no damage.
Your rat bites the quokka but does no damage.
Your rat closely misses the quokka.
The bat hits your rat.
The bat hits your rat but does no damage.
The quokka barely misses you.
Your rat bites the bat but does no damage.
The bat hits your quokka. The bat closely misses your quokka.
Your quokka barely misses the bat.
The bat barely misses your quokka.
Your rat misses the bat.
Your quokka bites the bat.
The bat completely misses you. The bat barely misses you.
The bat closely misses you.
Your quokka misses the bat. The quokka bites you. The bat barely misses you.
Your quokka misses the quokka. Your quokka misses the bat.
The bat barely misses you.
You see here a frilled lizard corpse.
Your quokka bites the bat.
The bat dies!
You are too injured to fight recklessly!
Casting: Summon Small Mammal (safe; 4% risk of failure)
Confirm with . or Enter, or press ? or * to list all spells.
The quokka bites you.
* * * LOW HITPOINT WARNING * * *
The quokka bites you.
You die...

.##... ..#.# .#..######
.........# .#.### #.# ...# #.#
#..## #.# #. ##..####.###
#######.##
#......#...###.r@b....#
............†r†#####..#
.#..##.###.###.# #..# #####
.#..#...#...##.# #..# #...#
.#..#........#.# #..# #...#
#.............#####..####+###'##
..............##.......#........
.............(.##.##.##.'.....†.#
....#........#.##.#.....#........


You could see a quokka (ally target), a friendly quokka (summoned) and a
friendly bat (summoned).

Vanquished Creatures
  A rat (D:1)
1 creature vanquished.

Vanquished Creatures (collateral kills)
  A bat (D:1)
  A frilled lizard (D:1)
  A rat (D:1)
3 creatures vanquished.

Grand Total: 4 creatures vanquished

Notes
Turn   | Place    | Note
-------+----------+-------------------------------------------
     0 | D:1      | McKennaii the Demigod Summoner began the quest for the Orb.
     0 | D:1      | Reached XP level 1. HP: 14/14 MP: 5/5
   212 | D:1      | Slain by a quokka

Illustrated notes

Levels and vault maps discovered:
D:1:      dpeg_arrival_prison, layout_loops_ring,
          ebering_ecumenical_altar_ruins, serial_bayou_ford_a

Action                   || total
-------------------------++-------
Melee: Unarmed           ||     5
 Cast: Summon Small Mamm ||    15
 Stab: Sleeping          ||     1
Armor: Robe              ||     2
Dodge: Dodged            ||    14
